 Dungeon Crawl Stone Soup version 0.28.0-47-ge53b351184 (webtiles) character file.

Game seed: 5401476990751758355

4 NinjaNoafa the Summoner (level 1, -2/13 HPs)
             Began as a Gnoll Wanderer on Apr 27, 2022.
             Slain by a swamp drake (5 damage)
             ... on level 1 of the Dungeon.
             The game lasted 00:01:09 (94 turns).

NinjaNoafa the Summoner (Gnoll Wanderer)              Turns: 94, Time: 00:01:10

Health: -2/13      AC:  2    Str: 10    XL:     1   Next: 60%
Magic:  3/4        EV: 12    Int: 15    God:
Gold:   0          SH:  0    Dex:  8    Spells: 4/5 levels left

rFire   . . .      SeeInvis .   a - +0 club
rCold   . . .      Faith    .   (no shield)
rNeg    . . .      Spirit   .   c - +0 robe
rPois   .          Reflect  .   (no helmet)
rElec   .          Harm     .   (no cloak)
rCorr   .          Rampage  .   (no gloves)
Will    .....                   (no boots)
Stlth   +.........              (no amulet)
HPRegen 0.04/turn               (no ring)
MPRegen 0.09/turn               (no ring)

@: confused
A: fangs 1, strong nose, distributed training
a: no special abilities


You were on level 1 of the Dungeon.
You visited 1 branch of the dungeon, and saw 1 of its levels.

Inventory:

Hand Weapons
 a - a +0 club (weapon)
Armour
 c - a +0 robe (worn)
Scrolls
 d - a scroll of fog
 e - 4 scrolls of identify {unknown}


   Skills:
 + Level 0.1 Fighting
 + Level 0.1 Short Blades
 + Level 0.1 Long Blades
 + Level 0.1 Axes
 + Level 0.1 Maces & Flails
 + Level 0.1 Polearms
 + Level 0.1 Staves
 + Level 0.1 Slings
 + Level 0.1 Bows
 + Level 0.1 Crossbows
 + Level 2.4 Throwing
 + Level 0.1 Armour
 + Level 2.4 Dodging
 + Level 0.1 Stealth
 + Level 0.1 Shields
 + Level 0.1 Unarmed Combat
 + Level 2.6 Spellcasting
 + Level 0.1 Conjurations
 + Level 0.1 Hexes
 + Level 8.7 Summonings
 + Level 0.1 Necromancy
 + Level 0.1 Translocations
 + Level 0.1 Transmutations
 + Level 0.1 Fire Magic
 + Level 0.1 Ice Magic
 + Level 0.1 Air Magic
 + Level 0.1 Earth Magic
 + Level 0.1 Poison Magic
 + Level 2.4 Invocations
 + Level 2.4 Evocations


You had 4 spell levels left.
You knew the following spells:

 Your Spells              Type           Power      Damage    Failure   Level
a - Summon Small Mammal   Summ           100%       N/A       1%          1

Your spell library contained the following spells:

 Spells                   Type           Power      Damage    Failure   Level
 Call Canine Familiar     Summ           28%        N/A       1%          3
 Summon Lightning Spire   Summ/Air       15%        N/A       32%         4


Dungeon Overview and Level Annotations

Branches:
Dungeon (1/15)

Altars:


Innate Abilities, Weirdness & Mutations

You have very sharp teeth.
Your uncanny sense of smell can sniff out nearby items.
Your experience applies equally to all skills.


Message History

You are no longer poisoned.
Your quokka barely misses the swamp drake.
The swamp drake breathes poison at you.
The noxious blast engulfs you but does no damage.
You are poisoned.
Are you sure you want to stumble around while confused and next to your quokka? [Y]es or [N]o only, please.
Are you sure you want to stumble around while confused and next to your quokka?
You barely miss the swamp drake.
You are engulfed in noxious fumes.
You choke on the stench!
You are more confused.
You feel sick.
Your quokka is engulfed in noxious fumes.
Your quokka appears confused.
Your quokka bites the swamp drake.
The swamp drake closely misses you.
Your quokka is engulfed in noxious fumes.
Your quokka appears confused.
Press: ? - help, v - describe, . - travel
Here: a swamp drake (noxious fumes, lightly wounded, ally target)
The floor.
Are you sure you want to stumble around while confused and next to your quokka? [Y]es or [N]o only, please.
Are you sure you want to stumble around while confused and next to your quokka? [Y]es or [N]o only, please.
Are you sure you want to stumble around while confused and next to your quokka? [Y]es or [N]o only, please.
Are you sure you want to stumble around while confused and next to your quokka?
Okay, then.
Are you sure you want to stumble around while confused and next to your quokka?
Uppercase [Y]es or [N]o only, please.
Are you sure you want to stumble around while confused and next to your quokka? [Y]es or [N]o only, please.
Are you sure you want to stumble around while confused and next to your quokka?
Okay, then.
You are engulfed in noxious fumes.
You choke on the stench!
You are more confused.
You feel sick.
You are no longer poisoned.
The swamp drake bites you.
You die...

#..... #.......†.......
.....##...............
..........†......>...
#..#............... ##
##..................
....#..#.#..#####.......
#....°°#°.#>.. .#.....
##.##r°°...... #.....
#...k@°...[.. ....
#.###°°.....# ..
#......... #. ..........
.. #..#..... .. ∆
#..#..... . .... ....
...# ####


You could see a swamp drake (ally target) and a friendly quokka (summoned,
confused).

Vanquished Creatures
  A ball python (D:1)
  A hobgoblin (D:1)
2 creatures vanquished.

Vanquished Creatures (collateral kills)
  2 ball pythons (D:1)
2 creatures vanquished.

Grand Total: 4 creatures vanquished

Notes
Turn   | Place    | Note
-------+----------+-------------------------------------------
     0 | D:1      | NinjaNoafa the Gnoll Wanderer began the quest for the Orb.
     0 | D:1      | NinjaNoafa set off with the following items: a +0 club, a
                  | wand of polymorph (5), a +0 robe, a scroll of fog; and the
                  | following spell memorised: Summon Small Mammal; and the
                  | following spells available to memorise: Call Canine
                  | Familiar, Summon Lightning Spire
     0 | D:1      | Reached XP level 1. HP: 13/13 MP: 4/4
    87 | D:1      | Noticed a swamp drake
    87 | D:1      | a bat changed into a swamp drake
    94 | D:1      | Slain by a swamp drake

Illustrated notes

Levels and vault maps discovered:
D:1:      sevenhm_arrival_forest_fort_small_3, layout_rooms

Action                   || total
-------------------------++-------
Melee: Club              ||     6
       Bite              ||     2
       Punch             ||     1
 Cast: Summon Small Mamm ||     3
Evoke: Wand              ||     5
Armor: Robe              ||     3
Dodge: Dodged            ||     7
